 Dungeon Crawl Stone Soup version 0.26-a0-852-g6321bf7485 (webtiles) character file.

Game seed: 10726931003826111044

56197 mhtbhm the Bludgeoner (level 14, -8/90 HPs)
             Began as a Gargoyle Fighter on Nov 22, 2020.
             Was a High Priest of the Shining One.
             Mangled by a naga warrior
             ... wielding a +0 long sword
              (15 damage)
             ... on level 1 of the Snake Pit.
             The game lasted 00:30:03 (20298 turns).

mhtbhm the Bludgeoner (Gargoyle Fighter)           Turns: 20298, Time: 00:30:04

Health: -8/90      AC: 32    Str: 24    XL:     14   Next: 80%
Magic:  14/14      EV: 12    Int: 10    God:    the Shining One [*****.]
Gold:   1682       SH: 14    Dex: 15    Spells: 13/13 levels left

rFire    + . .     SeeInvis .   D - +4 eveningstar (venom)
rCold    . . .     Faith    .   c - +0 kite shield
rNeg     + + +     Spirit   .   b - +3 ring mail
rPois    ∞         Reflect  .   w - +2 helmet
rElec    +         Harm     .   B - +2 cloak
rCorr    .         Rampage  .   r - +0 pair of gloves
MR       +....                  x - +2 pair of boots
Stlth    +.........             i - amulet of the acrobat
HPRegen  0.25/turn              l - ring of protection from fire
MPRegen  0.14/turn              y - +6 ring of dexterity

@: mighty, flying, slowed, glowing, constricted, very slow
A: big wings, negative energy resistance 1, electricity resistance, unbreathing,
petrification resistance, rot immunity, AC +10
a: Stop Flying, Divine Shield, Cleansing Flame, Summon Divine Warrior, Renounce
Religion


You were on level 1 of the Snake Pit.
You worshipped the Shining One.
The Shining One was extremely pleased with you.
You visited 4 branches of the dungeon, and saw 18 of its levels.

You collected 1682 gold pieces.

Inventory:

Hand Weapons
 a - the +4 whip "Nekhlenubo" {speed, rElec Str+8 Dex-3 Stlth+}
   (You found it on level 4 of the Lair of Beasts)

   Attacks with this weapon are significantly faster.
   It affects your strength (+8).
   It affects your dexterity (-3).
   It insulates you from electricity.
   It makes you more stealthy.
 D - a +4 eveningstar of venom (weapon)
Missiles
 P - 4 curare-tipped darts (quivered)
Armour
 b - a +3 ring mail (worn)
 c - a +0 kite shield (worn)
 r - a +0 pair of gloves (worn)
 w - a +2 helmet (worn)
 x - a +2 pair of boots (worn)
 B - a +2 cloak (worn)
Jewellery
 e - an uncursed ring of see invisible
 i - an amulet of the acrobat (around neck)
 l - a ring of protection from fire (left hand)
 y - a +6 ring of dexterity (right hand)
 O - an uncursed ring of protection from magic {unknown}
Wands
 F - a wand of flame (17)
 H - a wand of iceblast (29)
 I - a wand of polymorph (13)
 N - a wand of acid (3)
Scrolls
 f - 5 scrolls of fog
 g - 8 scrolls of teleportation
 p - 4 scrolls of magic mapping
 s - 4 scrolls of immolation
 u - 6 scrolls of blinking
 G - 5 scrolls of identify
 J - 5 scrolls of remove curse
 K - 3 scrolls of enchant weapon
 L - a scroll of enchant armour
Potions
 d - a potion of might
 h - 9 potions of curing
 k - a potion of resistance
 m - 2 potions of degeneration
 n - a potion of mutation
 o - 4 potions of brilliance
 q - a potion of invisibility
 t - 3 potions of attraction
 v - a potion of heal wounds
 z - a potion of haste
 A - 3 potions of flight
 C - a potion of cancellation
 M - a potion of ambrosia
Miscellaneous
 j - a lightning rod (4/4)


   Skills:
 + Level 11.3 Fighting
 + Level 15.6 Maces & Flails
 + Level 9.6 Armour
 + Level 6.6 Dodging
 + Level 2.5 Stealth
 + Level 14.0 Shields
 * Level 0.4 Invocations
 - Level 1.1 Evocations


You had 13 spell levels left.
You didn't know any spells.
Your spell library contained the following spells:

 Spells                   Type           Power        Failure   Level
 Animate Skeleton         Necr           #.....       52%         1
 Apportation              Tloc           #.....       52%         1
 Corona                   Hex            #......      52%         1
 Foxfire                  Conj/Fire      #...         52%         1
 Magic Dart               Conj           #...         52%         1
 Pain                     Necr           #...         52%         1
 Summon Small Mammal      Summ           #...         52%         1
 Blink                    Tloc           N/A          67%         2
 Call Imp                 Summ           #.......     67%         2
 Ensorcelled Hibernation  Hex/Ice        #.....       67%         2
 Slow                     Hex            #.......     67%         2
 Confusing Touch          Hex            #.......     88%         3
 Conjure Flame            Conj/Fire      #.......     88%         3
 Gell's Gravitas          Tloc           #.........   88%         3
 Inner Flame              Hex/Fire       #.......     88%         3
 Mephitic Cloud           Conj/Pois/Air  #.......     88%         3
 Portal Projectile        Hex/Tloc       #.....       88%         3
 Vampiric Draining        Necr           #.........   88%         3
 Animate Dead             Necr           #.........   99%         4
 Cause Fear               Hex            #.........   99%         4
 Leda's Liquefaction      Hex/Erth       #.........   99%         4
 Petrify                  Tmut/Erth      #.......     99%         4
 Sticky Flame             Conj/Fire      #.......     99%         4
 Agony                    Necr           #.......     100%        5
 Borgnjor's Vile Clutch   Necr/Erth      #.........   100%        5
 Fireball                 Conj/Fire      #.........   100%        5
 Irradiate                Conj/Tmut      #.........   100%        5
 Metabolic Englaciation   Hex/Ice        #.........   100%        5
 Silence                  Hex/Air        #.........   100%        5
 Yara's Violent Unravell  Hex/Tmut       #.........   100%        5
 Hydra Form               Tmut           #.........   100%        6
 Shadow Creatures         Summ           N/A          100%        6
 Dragon Form              Tmut           #.........   100%        7
 Statue Form              Tmut/Erth      Unusable     N/A         6

Dungeon Overview and Level Annotations

Branches:
Dungeon (10/15)            Temple (1/1) D:4            Lair (6/6) D:8
 Shoals (0/4) Lair:3        Snake (1/4) Lair:3        Slime (0/5) Lair:5
    Orc (0/2) D:9

Altars:
Ashenzari
Cheibriados
Dithmenos
Elyvilon
Fedhas
Gozag
Hepliaklqana
Kikubaaqudgha
Makhleb
Nemelex Xobeh
Okawaru
Qazlal
Ru
Sif Muna
Trog
Uskayaw
Vehumet
Wu Jian
Xom
Yredelemnul
Zin
The Shining One
Jiyva

Shops:
D:5 *   D:9 [:


Innate Abilities, Weirdness & Mutations

You are resistant to torment.
Your stone body is resilient. (AC +10)
You are immune to poison.
Your large and strong wings let you fly indefinitely.
You resist negative energy. (rN+)
You are resistant to electric shocks. (rElec)
You can survive without breathing.
You are immune to petrification.
You are immune to rotting.


Message History

The anaconda constricts you. The guardian serpent barely misses you.
The black mamba bites you.
The anaconda bites you but does no damage.
The anaconda constricts you.
The naga warrior hits you but does no damage.
The naga warrior hits you with a +0 long sword!!
* * * LOW HITPOINT WARNING * * *
You block the guardian serpent's attack.
You block the black mamba's attack. The anaconda bites you.
* * * LOW HITPOINT WARNING * * *
The anaconda constricts you.
You hit the naga warrior.
The naga warrior is lightly wounded.
You block the black mamba's attack.
The guardian serpent closely misses you.
The anaconda bites you but does no damage.
* * * LOW HITPOINT WARNING * * *
The anaconda constricts you.
The naga warrior hits you with a +0 long sword!
You die...

######
##....##
#....[.##
+.......##
+..N@N...#
#..SSS....+
#.........+
#.........#
#.........#
##....##+##
#.....
+.....#


You could see 2 naga warriors, an anaconda (poisoned), a guardian serpent and a
black mamba.

Vanquished Creatures
  A dire elephant (Lair:6)
  The ghost of Comi the Carver, a journeyman TeBe of Trog (Lair:6)
  3 hydras
  Erica (Lair:1)
  7 catoblepae
  A dancing weapon (Lair:6)
  Urug (Lair:3)
  8 death yaks
  A fire crab (Lair:6)
  2 lindwurms
  A naga ritualist (Snake:1)
  A mana viper (Snake:1)
  2 manticores (Lair:6)
  Maurice (D:9)
  13 elephants
  7 black mambas
  A torpor snail (Lair:6)
  10 cane toads
  5 rime drakes
  14 komodo dragons
  A troll (D:8)
  2 raiju (Lair:6)
  13 blink frogs
  8 polar bears (Lair:6)
  3 dream sheep (Lair:6)
  2 wraiths
  A spriggan (Lair:1)
  8 wyverns
  14 yaks
  3 basilisks
  5 nagas (Lair:3)
  Edmund (D:6)
  6 wargs (Lair:6)
  11 water moccasins
  13 hell hounds (Lair:6)
  5 orc warriors
  2 sky beasts
  A swamp drake (D:8)
  5 ice beasts
  An eye of draining (D:9)
  3 phantoms (D:7)
  13 black bears
  7 ogres
  3 centaurs
  29 wolves
  A big kobold (D:7)
  10 bullfrogs
  2 scorpions
  8 killer bees (D:8)
  8 wights
  3 howler monkeys
  6 electric eels
  A bullfrog zombie (D:9)
  9 jellies
  Crazy Yiuf (D:5)
  3 bullfrog skeletons
  9 orc priests
  8 hounds
  2 centaur skeletons
  4 iguanas
  9 orc wizards
  2 hell rats (Lair:5)
  3 worker ants
  2 hound zombies
  A hound skeleton (D:3)
  A mummy (D:9)
  A worker ant zombie (D:6)
  Robin (D:4)
  7 gnolls
  13 adders
  8 river rats (Lair:5)
  A shadow imp (D:9)
  6 white imps
  4 ufetubi
  An ooze (D:4)
  An adder skeleton (D:8)
  A worm (D:3)
  2 leopard geckos
  56 orcs
  4 giant cockroaches
  17 goblins
  8 hobgoblins
  2 jackals (D:5)
  2 quokkas
  4 bats
  5 frilled lizards
  12 kobolds
  17 rats
507 creatures vanquished.

Vanquished Creatures (others)
  A polar bear (Lair:6)
  A dream sheep (Lair:6)
  An adder (D:8)
  An ufetubus (D:8)
  3 orcs
  36 fungi
  77 plants
  9 toadstools (Lair:4)
129 creatures vanquished.

Grand Total: 636 creatures vanquished

Notes
Turn   | Place    | Note
-------+----------+-------------------------------------------
     0 | D:1      | mhtbhm the Gargoyle Fighter began the quest for the Orb.
     0 | D:1      | Reached XP level 1. HP: 14/14 MP: 1/1
   410 | D:1      | Reached XP level 2. HP: 19/19 MP: 2/2
   681 | D:2      | Reached XP level 3. HP: 21/24 MP: 3/3
  1375 | D:2      | Reached XP level 4. HP: 17/29 MP: 4/4
  1526 | D:2      | Reached skill level 3 in Maces & Flails
  1603 | D:3      | Reached XP level 5. HP: 33/33 MP: 5/5
  1698 | D:3      | Found a bloodstained altar of Trog.
  1701 | D:3      | Reached skill level 1 in Dodging
  1749 | D:3      | Reached skill level 4 in Maces & Flails
  2017 | D:3      | Reached XP level 6. HP: 38/38 MP: 6/6
  2227 | D:3      | Found a faded altar of an unknown god.
  2413 | D:3      | Became a worshipper of Uskayaw the Reveller
  2413 | D:3      | Reached * piety under Uskayaw
  2464 | D:3      | Reached ** piety under Uskayaw
  2472 | D:3      | Found a white marble altar of Elyvilon.
  2689 | D:4      | Noticed Robin
  2709 | D:4      | Killed Robin
  2929 | D:4      | Reached XP level 7. HP: 44/44 MP: 7/7
  2992 | D:4      | Reached skill level 5 in Maces & Flails
  2992 | D:4      | Reached skill level 5 in Shields
  2993 | D:4      | Reached *** piety under Uskayaw
  3072 | D:4      | Found a staircase to the Ecumenical Temple.
  3091 | D:4      | Reached **** piety under Uskayaw
  3102 | Temple   | Entered the Ecumenical Temple
  3620 | D:5      | Entered Level 5 of the Dungeon
  3678 | D:5      | Found a bloodstained altar of Trog.
  3689 | D:5      | Found a stormy altar of Qazlal.
  3693 | D:5      | Found a glowing golden altar of the Shining One.
  3868 | D:5      | Found a runed translucent door.
  3869 | D:5      | Noticed Crazy Yiuf
  3883 | D:5      | Killed Crazy Yiuf
  3975 | D:5      | Found a shimmering altar of Xom.
  4057 | D:5      | Found Sekh's Assorted Antiques.
  4084 | D:5      | Reached XP level 8. HP: 12/48 MP: 8/8
  4341 | D:5      | Reached skill level 5 in Fighting
  4341 | D:5      | Reached skill level 5 in Armour
  4400 | D:5      | Reached skill level 6 in Maces & Flails
  4552 | D:5      | Fell from the grace of Uskayaw
  4552 | D:5      | Became a worshipper of the Shining One
  4585 | D:6      | Reached skill level 1 in Stealth
  5088 | D:6      | Found a radiant altar of Vehumet.
  5089 | D:6      | Found a shimmering blue altar of Sif Muna.
  5146 | D:6      | Reached skill level 7 in Maces & Flails
  5172 | D:6      | Noticed Edmund
  5193 | D:6      | Killed Edmund
  5194 | D:6      | Reached XP level 9. HP: 54/54 MP: 9/9
  5231 | D:6      | Reached * piety under the Shining One
  5974 | D:7      | Reached skill level 8 in Maces & Flails
  5999 | D:7      | Reached ** piety under the Shining One
  6304 | D:7      | Found an opulent altar of Gozag.
  6466 | D:7      | Paralysed by the fury of Uskayaw for 6 turns
  6481 | D:7      | Reached XP level 10. HP: 57/60 MP: 10/10
  6620 | D:7      | Found an iron altar of Okawaru.
  6630 | D:7      | Found a basalt altar of Yredelemnul.
  6633 | D:7      | Found a hazy altar of Hepliaklqana.
  6739 | D:8      | Reached skill level 9 in Maces & Flails
  6851 | D:8      | Paralysed by the fury of Uskayaw for 4 turns
  6989 | D:8      | Identified the cursed +1 spear of Traps {drain, Int+3
                  | Dex+2}
  6995 | D:8      | Found a staircase to the Lair.
  7372 | D:8      | Paralysed by the fury of Uskayaw for 6 turns
  7383 | D:8      | Reached *** piety under the Shining One
  7471 | D:8      | Paralysed by the fury of Uskayaw for 6 turns
  7864 | D:8      | You fall into a shaft and drop 2 floors!
  7864 | D:10     | Entered Level 10 of the Dungeon
  8686 | D:9      | Reached skill level 10 in Maces & Flails
  8816 | D:9      | Reached XP level 11. HP: 67/67 MP: 11/11
  8958 | D:9      | Was forgiven by Uskayaw
  9087 | D:9      | Found a sparkling altar of Nemelex Xobeh.
  9165 | D:9      | Found a snail-covered altar of Cheibriados.
  9340 | D:9      | Noticed Maurice
  9366 | D:9      | Killed Maurice
  9401 | D:9      | Found Woqush's Book Emporium.
  9440 | D:9      | Found a staircase to the Orcish Mines.
  9561 | D:9      | Found Gier's Armour Emporium.
  9821 | Lair:1   | Entered Level 1 of the Lair of Beasts
  9821 | Lair:1   | Noticed Erica
  9859 | Lair:1   | Killed Erica
  9860 | Lair:1   | Reached skill level 11 in Maces & Flails
  9980 | Lair:1   | Reached skill level 10 in Shields
 10732 | Lair:1   | Reached **** piety under the Shining One
 11106 | Lair:2   | Noticed a catoblepas
 11135 | Lair:2   | Killed a catoblepas
 11463 | Lair:1   | Reached XP level 12. HP: 27/73 MP: 12/12
 11691 | Lair:2   | Reached skill level 12 in Maces & Flails
 11976 | Lair:2   | Reached skill level 5 in Dodging
 12269 | Lair:2   | Noticed a catoblepas
 12287 | Lair:2   | Killed a catoblepas
 12763 | Lair:3   | Found a staircase to the Snake Pit.
 13216 | Lair:3   | Found a staircase to the Shoals.
 13252 | Lair:3   | Noticed Urug
 13274 | Lair:3   | Killed Urug
 13705 | Lair:3   | Reached skill level 13 in Maces & Flails
 14098 | Lair:4   | Noticed a catoblepas
 14104 | Lair:4   | Killed a catoblepas
 14105 | Lair:4   | Reached XP level 13. HP: 70/80 MP: 13/13
 15242 | Lair:4   | Reached skill level 10 in Fighting
 15250 | Lair:4   | Reached skill level 14 in Maces & Flails
 15608 | Lair:4   | Found a runed translucent door.
 15967 | Lair:4   | HP: 4/82 [catoblepas (17)]
 16597 | Lair:4   | Got a pitted whip
 16598 | Lair:4   | Identified the +4 whip "Nekhlenubo" {speed, rElec Str+8
                  | Dex-3 Stlth+} (You found it on level 4 of the Lair of
                  | Beasts)
 17491 | Lair:5   | Found a runed translucent door.
 17506 | Lair:5   | Found a viscous altar of Jiyva.
 17506 | Lair:5   | Found a staircase to the Slime Pits.
 18018 | Lair:6   | Entered Level 6 of the Lair of Beasts
 18068 | Lair:6   | Found a runed translucent door.
 18069 | Lair:6   | Found a shimmering altar of Xom.
 18069 | Lair:6   | Noticed Comi's ghost (journeyman TeBe)
 18070 | Lair:6   | Identified the +11 scimitar of Builitzu {chaos, *Drain +Inv
                  | rF++ rC+}
 18180 | Lair:6   | Killed Comi's ghost
 18181 | Lair:6   | Reached skill level 1 in Evocations
 18181 | Lair:6   | Gained mutation: Your large and strong wings let you fly
                  | indefinitely. [Gargoyle growth]
 18181 | Lair:6   | Reached XP level 14. HP: 73/88 MP: 14/14
 18624 | Lair:6   | Reached ***** piety under the Shining One
 18824 | Lair:6   | Reached skill level 15 in Maces & Flails
 19319 | Lair:6   | Noticed a dire elephant
 19333 | Lair:6   | Killed a dire elephant
 20225 | Snake:1  | Entered Level 1 of the Snake Pit
 20298 | Snake:1  | Mangled by a naga warrior

Illustrated notes

Levels and vault maps discovered:
D:1:      onia_arrival_pentagram, layout_basic
D:2:      layout_loops_ring
D:3:      layout_basic, overflow_temple_1_default, lemuel_round_altar,
          chequers_ecumenical_altar_simple_redux
D:4:      layout_basic, temple_fountains, minmay_misc_feat_cross, uniq_robin
D:5:      minmay_diamond_boxcup, layout_cave_pools, overflow_temple_1_default,
          kennysheep_mini_moat, overflow_temple_1_default, basic_altar,
          serial_shops, shop_statue, hangedman_decor_opposing,
          grunt_ashenzari_visionary [grunt_ashenzari_visionary_shoals,
          grunt_ashenzari_visionary_snake], uniq_crazy_yiuf_cottage
D:6:      layout_basic, gammafunk_temple_overflow_statue,
          minmay_misc_feat_pillars, kennysheep_generic_room_4, uniq_edmund
D:7:      layout_rooms, minitemple, grunt_gozag_breadcrumbs
D:8:      layout_rooms, erik_lair_island, grunt_ministairs_1
D:9:      layout_stronghold, nemelex_altar_shiori, slow_altar_2, orc_david_3,
          serial_shops, shop, kennysheep_mini, uniq_maurice
D:10:     layout_irregular_city
Temple:   eino_temple_lava
Lair:1:   layout_gridlike, grunt_forest_large_clearing_hut,
          serial_bayou_shore_b, grunt_megastairs_5, lemuel_fruit_fields,
          infiniplex_staircase_pool, serial_bayou_shore_b, uniq_erica
Lair:2:   beast_lair_carwin_large_1, layout_long_grid
Lair:3:   layout_loops_ring, minmay_shoals_entry_centaurs,
          minmay_snake_entry_guardpost_large, grunt_megastairs_4, uniq_urug
Lair:4:   gammafunk_lair_enchanted_lake, layout_long_grid, serial_bayou_shore_b
Lair:5:   layout_cave_pods, slime_altar_2, kennysheep_abandoned_house,
          serial_bayou_shore_a, grunt_megastairs_2
Lair:6:   hangedman_lair_in_review, layout_gridlike,
          hangedman_lair_caniforms_friends, ebering_ghost_xom
Snake:1:  layout_gridlike, basic_altar, nicolae_snake_salamander_stairs,
          uniq_rupert, uniq_aizul, uniq_asterion

Skill      XL: |  1  2  3  4  5  6  7  8  9 10 11 12 13 14 |
---------------+-------------------------------------------+-----
Maces & Flails | 3 4 5 7 8 10 11 13 14 15 | 15.6
Fighting       | 4 5 6 7 8 9 10 11 | 11.3
Shields        | 4 5 6 8 9 10 12 13 14 | 14.0
Dodging        | 1 2 3 4 5 6 |  6.6
Armour         | 4 5 7 8 9 |  9.6
Stealth        | 1 2 |  2.5
Evocations     | 1 |  1.1
Invocations    | |  0.4

Action                   |  1- 3 |  4- 6 |  7- 9 | 10-12 | 13-15 || total
-------------------------+-------+-------+-------+-------+-------++-------
Melee: Flail             |     9 |       |       |       |       ||     9
       Mace              |    98 |   189 |   518 |   971 |       ||  1776
       Eveningstar       |       |       |       |    49 |   533 ||   582
       Whip              |       |       |       |       |    83 ||    83
Invok: Stomp             |       |     1 |       |       |       ||     1
 Abil: Fly               |       |       |       |       |     1 ||     1
Evoke: Wand              |       |       |       |     4 |    12 ||    16
  Use: Scroll            |     4 |       |     6 |     6 |     8 ||    24
       Potion            |       |       |     8 |     2 |     4 ||    14
 Stab: Paralysed         |       |       |     3 |       |       ||     3
Armor: Scale mail        |    59 |   131 |   293 |   127 |       ||   610
       Plate armour      |       |       |       |   369 |       ||   369
       Ring mail         |       |       |       |    12 |   234 ||   246
Dodge: Dodged            |    55 |    74 |   255 |   371 |   291 ||  1046
Block: Kite shield       |    68 |   120 |   348 |   657 |   416 ||  1609

Table legend: (Time is in decaauts)
 A = Elapsed time spent in this place.
 B = Non-inter-level travel time spent in this place.
 C = Inter-level travel time spent in this place.
 D = Time resting spent in this place.
 E = Time spent auto-exploring this place.
 F = Levels seen in this place.
 G = Mean time per level.
                   A        B        C        D        E       F      G
               +--------+--------+--------+--------+--------+-----+--------+
         Total |  20275 |  20235 |     40 |   4105 |  11089 |  18 | 1126.4 |
       Dungeon |   9813 |   9789 |     24 |   1751 |   5213 |  10 |  981.3 |
        Temple |    146 |    146 |      0 |      0 |    122 |   1 |  146.0 |
          Lair |  10284 |  10268 |     16 |   2354 |   5754 |   6 | 1714.0 |
     Snake Pit |     30 |     30 |      0 |      0 |      0 |   1 |   30.0 |
               +--------+--------+--------+--------+--------+-----+--------+

Top non-repeatable levels by time:
  Lair:4: 2456 daAuts
  Lair:6: 1979 daAuts
  Lair:3: 1621 daAuts
  Lair:1: 1569 daAuts
  Lair:5: 1376 daAuts
  Lair:2: 1281 daAuts
     D:8: 1251 daAuts
     D:5: 1149 daAuts
     D:6: 1142 daAuts
     D:2: 1121 daAuts
     D:9: 1095 daAuts
     D:4: 1047 daAuts
     D:3: 942 daAuts
     D:7: 838 daAuts
    D:10: 756 daAuts
